 Dungeon Crawl Stone Soup version 0.30-a0-802-gb92711bcdf (webtiles) character file.

Game seed: 514366140378621368

4966 Hubris850 the Transmogrifier (level 10, -1/44 HPs)
             Began as a Spriggan Earth Elementalist on Feb 24, 2023.
             Was a Priest of Ru.
             Killed by divine providence
             ... invoked by an orc priest
              (11 damage)
             ... on level 9 of the Dungeon.
             The game lasted 00:41:42 (11489 turns).

Hubris850 the Transmogrifier (SpEE)                Turns: 11489, Time: 00:41:42

Health: -1/44      AC: -2    Str:  4    XL:     10   Next: 28%
Magic:  12/23      EV: 18    Int: 18    God:    Ru [***...]
Gold:   409        SH:  0    Dex: 19    Spells: 16/26 levels left

rFire   . . .      SeeInvis +    m - +4 dagger (drain)
rCold   . . .      Faith    .    (no shield)
rNeg    . . .      Spirit   .    a - +0 robe
rPois   +          Reflect  .    (helmet restricted)
rElec   .          Harm     .    v - +0 cloak
rCorr   .          Rampage  .    (gloves unavailable)
Will    +....                    (boots unavailable)
Stlth   ++++                     (no amulet)
HPRegen 0.27/turn                F - ring of poison resistance
MPRegen 0.18/turn                (no ring)

@: very quick
A: very small, no large weapons, unfitting armour, see invisible, speed 3, hated
by all, reduced AC 1
a: Renounce Religion, Draw Out Power


You were on level 9 of the Dungeon.
You worshipped Ru.
Ru was most pleased with you.
You visited 2 branches of the dungeon, and saw 10 of its levels.

You collected 409 gold pieces.

Inventory:

Hand Weapons
 c - a +0 dagger
 f - a +0 dagger of venom
 m - a +4 dagger of draining (weapon)
 H - the +10 hand axe of Ravage {pain, Dex+4}
   (You found it on level 7 of the Dungeon)

   Dex:       It affects your dexterity (+4).
Missiles
 x - a boomerang
 D - 2 throwing nets
 I - a curare-tipped dart
Armour
 a - a +0 robe (worn)
 v - a +0 cloak (worn)
Magical Staves
 z - a staff of air
Jewellery
 F - a ring of poison resistance (left hand)
Wands
 s - a wand of mindburst (11)
 A - a wand of flame (18)
 E - a wand of roots (8)
Scrolls
 h - 5 scrolls of teleportation
 i - 4 scrolls of immolation
 l - a scroll of brand weapon
 n - 2 scrolls of fog
 q - a scroll of blinking
 r - a scroll of vulnerability
 t - a scroll of butterflies
 u - a scroll of poison {unknown}
 y - 2 scrolls of fear
 G - a scroll of noise {unknown}
Potions
 b - a potion of magic
 d - 2 potions of brilliance {unknown}
 e - 4 potions of heal wounds {unknown}
 g - 3 potions of haste
 j - 2 potions of attraction
 k - 3 potions of curing
 o - a potion of lignification
 p - 3 potions of might
 w - a potion of ambrosia
 B - 2 potions of resistance {unknown}
 C - a potion of berserk rage


   Skills:
 + Level 5.0 Short Blades
 - Level 3.3 Dodging
 + Level 8.3 Stealth
 - Level 8.6 Spellcasting
 - Level 5.0 Conjurations
 - Level 8.9 Transmutations
 - Level 6.7 Earth Magic


You had 16 spell levels left.
You knew the following spells:

 Your Spells              Type           Power      Damage    Failure   Level
a - Sandblast             Erth           64%        2d14      1%          1
b - Passwall              Tmut/Erth      30%        N/A       1%          2
c - Stone Arrow           Conj/Erth      56%        3d10      2%          3
d - Petrify               Tmut/Erth      36%        N/A       3%          4

Your spell library contained the following spells:

 Spells                   Type           Power      Damage    Failure   Level
 Blade Hands              Tmut           20%        N/A       6%          5
 Ignite Poison            Fire/Tmut/Pois 18%        N/A       9%          3
 Apportation              Tloc           14%        N/A       10%         1
 Freeze                   Ice            28%        1d5       10%         1
 Hailstorm                Conj/Ice       16%        3d6       10%         3
 Frozen Ramparts          Ice            14%        1d3       28%         3
 Gell's Gravitas          Tloc           7%         N/A       28%         3
 Kindle Blastsparks       Fire/Tloc/Air  14%        2d11      28%         3
 Portal Projectile        Hex/Tloc       14%        N/A       28%         3
 Teleport Other           Tloc           7%         N/A       28%         3
 Alistair's Intoxication  Tmut/Pois      15%        N/A       38%         5
 Freezing Cloud           Conj/Ice/Air   6%         6-21      78%         5
 Dispersal                Tloc           3%         N/A       100%        6
 Tukima's Dance           Hex            Unusable   N/A       N/A         3

Dungeon Overview and Level Annotations

Branches:
Dungeon (9/15)             Temple (1/1) D:4
   Lair: D:8-11         Orc: D:9-12

Altars:
Ashenzari
Cheibriados
Elyvilon
Gozag
Kikubaaqudgha
Makhleb
Nemelex Xobeh
Okawaru
Qazlal
Ru
Uskayaw
Vehumet
Wu Jian
Zin
The Shining One

Shops:
D:8 :

Annotations:
D:8 1 runed translucent door
D:9 exclusion: orc warrior


Innate Abilities, Weirdness & Mutations

You are very small and have problems with some larger weapons.
You are too small for most types of armour.
You have supernaturally acute eyesight. (SInv)
You cover ground extremely quickly. (Speed+++)
You are hated by all.
You take slightly more damage. (AC -5)


Message History

Aim: an orc priest, wielding a +0 war axe (chance to affect: 64%)
The orc priest struggles to resist.
The orc misses you.
An orc wizard comes into view. It is wielding a +0 dagger.
You hit the orc priest.
The orc priest is lightly wounded.
The orc misses you. The orc priest barely misses you.
Casting: Petrify (dangerous; 3% risk of failure)
Confirm with . or Enter, or press ? or * to list all spells.
Aiming: Stone Arrow (dangerous; 2% risk of failure)
Press: ? - help, Shift-Dir - straight line, f/p - orc priest
Aim: an orc priest, wielding a +0 war axe (lightly wounded, 71% to hit)
The stone arrow hits the orc priest!!
You kill the orc priest!
The orc completely misses you.
Casting: Stone Arrow (dangerous; 2% risk of failure)
Confirm with . or Enter, or press ? or * to list all spells.
Aiming: Stone Arrow (dangerous; 2% risk of failure)
Press: ? - help, Shift-Dir - straight line, f - orc wizard
Aim: an orc wizard, wielding a +0 dagger and wearing a +0 robe (64% to hit)
The stone arrow hits the orc wizard!
The orc wizard is heavily wounded.
The orc hits you with a +0 dagger.
* * * LOW HITPOINT WARNING * * *
Casting: Stone Arrow (dangerous; 2% risk of failure)
Confirm with . or Enter, or press ? or * to list all spells.
Aiming: Stone Arrow (dangerous; 2% risk of failure)
Press: ? - help, Shift-Dir - straight line, f/p - orc wizard
Aim: an orc wizard, wielding a +0 dagger and wearing a +0 robe (heavily wounded, 64% to hit)
The stone arrow hits the orc wizard!!
You kill the orc wizard!
A troll comes into view.
The orc misses you.
Your Short Blades skill increases to level 5!
An orc priest and an orc come into view.
The orc moves out of view.
The orc priest shouts!
The orc shouts!
There is a stone staircase leading up here.
The orc priest invokes the aid of Beogh against you.
Beogh smites you!
You die...

#.))# ##+##..........###+##..
##...###..##..........##..##..
#.>..#....##....##....##......
#...)#....##....##....##......
#..o.#....o................<..
#...o#.......o................
##...##..###....##'###########
##...##..###....##..##########
#.........#..@...#..#.........
#.........#......#..#.........
#.........#......#..#.........
#.........#......+..#.........
##.#....##########..##..#.....
#.###### ############# .. ..


You could see an orc priest and an orc.

Vanquished Creatures
  A two-headed ogre (D:7)
  Pikel (D:5)
  Grinder (D:5)
  A vampire (D:9)
  A wyvern (D:7)
  Edmund (D:5)
  An acid dragon (D:9)
  Duvessa (D:5)
  3 ice beasts
  2 black bears
  2 sky beasts
  2 lemures (D:5)
  A kobold brigand (D:8)
  Blork the orc (D:5)
  A gnoll sergeant (D:4)
  A bullfrog (D:4)
  3 necrophages
  3 scorpions
  3 wights (D:7)
  Dowan (D:5)
  A water moccasin skeleton (D:4)
  3 killer bees (D:6)
  2 vampire bats (D:3)
  3 howler monkeys
  11 orc priests
  Crazy Yiuf (D:3)
  3 hounds
  2 jellies
  Terence (D:3)
  5 iguanas
  Ijyb (D:3)
  8 orc wizards
  2 scorpion zombies (D:4)
  3 hound skeletons (D:4)
  2 howler monkey zombies (D:4)
  8 gnolls
  A howler monkey skeleton (D:4)
  6 adders
  2 shadow imps (D:6)
  2 white imps (D:7)
  4 ufetubi
  2 adder zombies (D:4)
  3 worms
  2 dart slugs
  39 orcs
  7 ball pythons
  3 bat skeletons (D:3)
  2 bat zombies (D:3)
  5 endoplasms
  A giant cockroach (D:1)
  8 goblins
  5 hobgoblins
  5 quokkas
  8 bats
  4 frilled lizards
  15 kobolds
  A quokka skeleton (D:4)
  4 rats
216 creatures vanquished.

Vanquished Creatures (others)
  A withered plant (D:4)
1 creature vanquished.

Grand Total: 217 creatures vanquished

Notes
Turn   | Place    | Note
-------+----------+-------------------------------------------
     0 | D:1      | Hubris850 the Spriggan Earth Elementalist began the quest
                  | for the Orb.
     0 | D:1      | Reached XP level 1. HP: 9/9 MP: 5/5
   226 | D:1      | Reached XP level 2. HP: 13/13 MP: 2/6
   463 | D:1      | Learned a level 2 spell: Passwall
  1043 | D:2      | Found a glowing silver altar of Zin.
  1091 | D:2      | Reached skill level 5 in Stealth
  1118 | D:2      | Reached XP level 3. HP: 15/16 MP: 8/8
  1326 | D:2      | Found a faded altar of an unknown god.
  1405 | D:2      | Reached skill level 1 in Short Blades
  2026 | D:3      | Noticed Ijyb
  2075 | D:3      | Killed Ijyb
  2076 | D:3      | Reached XP level 4. HP: 21/21 MP: 6/9
  2405 | D:3      | Noticed an ice beast
  2463 | D:3      | Killed an ice beast
  2464 | D:3      | Reached XP level 5. HP: 18/24 MP: 1/10
  2578 | D:3      | Learned a level 3 spell: Stone Arrow
  2872 | D:3      | Found an ancient bone altar of Kikubaaqudgha.
  2895 | D:3      | Reached XP level 6. HP: 28/28 MP: 11/11
  3002 | D:3      | Found a runed translucent door.
  3003 | D:3      | Noticed Crazy Yiuf
  3010 | D:3      | Killed Crazy Yiuf
  3214 | D:3      | Noticed Terence
  3218 | D:3      | Killed Terence
  3341 | D:3      | Learned a level 4 spell: Petrify
  3716 | D:4      | Reached XP level 7. HP: 31/32 MP: 4/12
  3913 | D:4      | Reached skill level 1 in Conjurations
  4020 | D:4      | Found a staircase to the Ecumenical Temple.
  4024 | Temple   | Entered the Ecumenical Temple
  4061 | Temple   | Became a worshipper of Ru the Awakened
  4108 | D:4      | Found a burning altar of Makhleb.
  4108 | D:4      | Noticed an Executioner
  4111 | D:4      | Noticed an orange demon
  4111 | D:4      | Noticed a ynoxinul
  4779 | D:5      | Entered Level 5 of the Dungeon
  4935 | D:5      | Noticed Blork the orc
  4977 | D:5      | Killed Blork the orc
  5079 | D:5      | Found an opulent altar of Gozag.
  5156 | D:4      | Reached XP level 8. HP: 20/36 MP: 11/15
  5566 | D:5      | Noticed Grinder
  5571 | D:5      | Killed Grinder
  5572 | D:5      | Reached skill level 5 in Spellcasting
  5572 | D:5      | Reached skill level 5 in Transmutations
  5680 | D:5      | Noticed Edmund
  5817 | D:5      | Noticed Duvessa
  5843 | D:5      | Gained mutation: You are hated by all. [Ru sacrifice]
  5843 | D:5      | Reached * piety under Ru
  6124 | D:5      | Noticed Pikel
  6136 | D:5      | Killed Pikel
  6137 | D:5      | Reached skill level 5 in Earth Magic
  6539 | D:5      | Noticed Dowan
  6541 | D:5      | Killed Duvessa
  6551 | D:5      | Killed Dowan
  6552 | D:5      | Reached XP level 9. HP: 14/39 MP: 16/19
  6785 | D:5      | Killed Edmund
  7155 | D:6      | Identified the +1 scale mail "Syreruor" {rC- rN+ Str+2}
  7570 | D:6      | Found a white marble altar of Elyvilon.
 10011 | D:7      | Gained mutation: You take slightly more damage. (AC -5) [Ru
                  | sacrifice]
 10011 | D:7      | Reached ** piety under Ru
 10011 | D:7      | Reached *** piety under Ru
 10077 | D:7      | Identified the +10 hand axe of Ravage {pain, Dex+4}
 10195 | D:7      | Found an ornate altar of the Wu Jian Council.
 10198 | D:7      | Found a hide-covered altar of Uskayaw.
 10198 | D:7      | Found a sparkling altar of Nemelex Xobeh.
 10202 | D:7      | Found a stormy altar of Qazlal.
 10317 | D:8      | Noticed a two-headed ogre
 10342 | D:7      | Killed a two-headed ogre
 10343 | D:7      | Reached XP level 10. HP: 25/44 MP: 18/23
 10656 | D:8      | Found Qodan's Vocational Training.
 10743 | D:8      | Identified the +8 trident of Eternal Vigilance {freeze,
                  | Str+4}
 10743 | D:8      | Noticed an ogre mage
 10743 | D:8      | Noticed a centaur warrior
 10743 | D:8      | Noticed a red ugly thing
 10744 | D:8      | Found a runed translucent door.
 10746 | D:8      | Noticed a catoblepas
 10746 | D:8      | Noticed an ogre mage
 10746 | D:8      | Noticed a cyclops
 10746 | D:8      | Noticed a tengu warrior
 11274 | D:9      | Reached skill level 5 in Conjurations
 11476 | D:9      | Reached skill level 5 in Short Blades
 11489 | D:9      | Killed from afar by an orc priest

Illustrated notes

Levels and vault maps discovered:
D:1:      scummos_arrival_gate, layout_loops_corners
D:2:      layout_loops_corners, basic_altar,
          dreamdust_ecumenical_altar_sealed_demon
D:3:      layout_loops_corners, kennysheep_vampire_church, uniq_terence,
          uniq_crazy_yiuf_cottage, uniq_ijyb
D:4:      layout_cave_pools, makhleb_altar_promises_db,
          minmay_temple_entry_grid, serial_undead, serial_undead_f,
          serial_undead_b, serial_undead_e, serial_undead_f, serial_undead_f,
          serial_undead_b, serial_undead_a, serial_undead_a, minmay_puff
D:5:      nicolae_cairo_tiling, layout_layer_cave, mainiacjoe_overflow_catwalk,
          uniq_blork_the_orc, uniq_grinder, uniq_duvessa, uniq_pikel,
          uniq_edmund
D:6:      layout_layer_cave, elyvilon_altar_3
D:7:      layout_gridville, grunt_temple_overflow_open
D:8:      minmay_gate_of_8, layout_loops_cross, nicolae_shop_vocational
D:9:      layout_gridville
Temple:   zaba_magenta_temple

Skill      XL: |  1  2  3  4  5  6  7  8  9 10 |
---------------+-------------------------------+-----
Dodging        | 3 |  3.3
Stealth        | 5 7 8 |  8.3
Short Blades   | 1 3 4 5 |  5.0
Spellcasting   | 3 4 6 8 |  8.6
Transmutations | 2 4 6 8 |  8.9
Earth Magic    | 3 5 6 |  6.7
Conjurations   | 2 3 4 5 |  5.0

Action                     |  1- 3 |  4- 6 |  7- 9 | 10-12 || total
---------------------------+-------+-------+-------+-------++-------
  Melee: Dagger            |    49 |    68 |   372 |    17 ||   506
         Punch             |       |     1 |     2 |     1 ||     4
  Throw: Boomerang         |       |       |     1 |       ||     1
   Cast: Sandblast         |    32 |    54 |   113 |     7 ||   206
         Passwall          |     4 |     3 |     9 |     1 ||    17
         Petrify           |       |       |    33 |     3 ||    36
         Stone Arrow       |       |       |     4 |     3 ||     7
 Invoke: Sacrifice Love    |       |       |     1 |       ||     1
         Sacrifice Health  |       |       |     1 |       ||     1
  Evoke: Wand              |       |     4 |     2 |       ||     6
    Use: Scroll            |       |       |     7 |     8 ||    15
   Stab: Sleeping          |     5 |     9 |    23 |     2 ||    39
         Petrified         |       |       |    22 |       ||    22
         Petrifying        |       |       |     3 |     1 ||     4
         Distracted        |       |       |     5 |     1 ||     6
 Armour: Robe              |     4 |    13 |    23 |       ||    40
  Dodge: Dodged            |    46 |    70 |   317 |    16 ||   449

Table legend: (Time is in decaauts)
 A = Elapsed time spent in this place.
 B = Non-inter-level travel time spent in this place.
 C = Inter-level travel time spent in this place.
 D = Time resting spent in this place.
 E = Time spent auto-exploring this place.
 F = Levels seen in this place.
 G = Mean time per level.
                   A        B        C        D        E       F      G
               +--------+--------+--------+--------+--------+-----+--------+
         Total |   8730 |   8506 |    224 |   1992 |   4581 |  10 |  873.0 |
       Dungeon |   8696 |   8478 |    218 |   1992 |   4581 |   9 |  966.2 |
        Temple |     33 |     27 |      6 |      0 |      0 |   1 |   33.0 |
               +--------+--------+--------+--------+--------+-----+--------+

Top non-repeatable levels by time:
     D:5: 1736 daAuts
     D:6: 1456 daAuts
     D:4: 1220 daAuts
     D:3: 1130 daAuts
     D:7: 913 daAuts
     D:1: 748 daAuts
     D:2: 736 daAuts
     D:8: 610 daAuts
     D:9: 143 daAuts
  Temple: 33 daAuts
